AoeStats
← weiln

Arena

504969977Analyzed
1v1 RM · 26d ago on Sep 7, 2026· 47m 51s· 2 players
Game mode
Random Map
Map size
Tiny (2 player)
Population
200
Speed
Normal
Resources
Standard
Victory
Conquest
Starting age
Dark Age
Ending age
Imperial Age
RankedLock teamsTeams togetherTeam positionsShared explorationLock speedFull tech treeHidden civsTurbo modeCheats
Victory
Defeat
🇨🇳 Bohemians · China
1104
+15
🇪🇸 Malians · Spain
1093
-15
Aprendiz
10:46 Feudal Age
14:39 Castle Age
13:05 Double-Bit Axe
13:23 Loom
13:53 Horse Collar
19:44 Fervor
20:25 Sanctity
23:29 Redemption
23:32 Heavy Plow
24:53 Atonement
31:56 Imperial Age
31:51 Forging
31:45 Scale Mail Armor
31:57 Devotion
33:05 Conscription
33:52 Chemistry
33:49 Iron Casting
33:31 Chain Mail Armor
33:41 Fletching
34:24 Block Printing
36:46 Bodkin Arrow
38:58 Plate Mail Armor
39:04 Padded Archer Armor
39:21 Elite Skirmisher
40:06 Thumb Ring
41:28 Ballistics
41:38 Leather Archer Armor
43:54 Ring Archer Armor
43:28 Husbandry
43:39 Bloodlines
42:50 Light Cavalry
45:06 Scale Barding Armor
44:24 Light Cavalry
46:19 Chain Barding Armor
45:22 Cavalier
weiln
10:09 Feudal Age
14:10 Castle Age
12:56 Double-Bit Axe
13:26 Horse Collar
15:43 Bow Saw
17:31 Fervor
19:12 Loom
20:51 Wheelbarrow
22:35 Heavy Plow
24:09 Hand Cart
27:46 Imperial Age
27:18 Fletching
27:29 Padded Archer Armor
28:32 Chemistry
27:52 Ballistics
28:36 Town Watch
29:10 Wagenburg Tactics
29:26 Conscription
31:36 Two-Man Saw
31:18 Leather Archer Armor
30:59 Bodkin Arrow
32:29 Ring Archer Armor
33:00 Bracer
34:51 Guilds
36:38 Siege Engineers
37:54 Houfnice
42:31 Treadmill Crane
43:02 Masonry
42:50 Elite Skirmisher
43:38 Scale Barding Armor
43:34 Scale Mail Armor
43:44 Forging
43:22 Pikeman
44:02 Squires
44:45 Halberdier
45:12 Arson
45:45 Chain Mail Armor
47:33 Plate Mail Armor
47:39 Iron Casting
Connection lost

Rejoining the realm…

Still unreachable

The connection could not be restored.

Session expired

The server has moved on; the page needs a fresh start.